 Dungeon Crawl Stone Soup version 0.17-a0-802-g1f09329 (webtiles) character file.

308403 Mrmini23 the Wrestler (level 20, -10/248 HPs)
             Began as a Troll Abyssal Knight on Apr 25, 2015.
             Was the Champion of Lugonu.
             Mangled by an ettin
             ... wielding a +0 dire flail
              (31 damage)
             ... on level 5 of the Vaults on Apr 26, 2015.
             The game lasted 04:03:59 (48002 turns).

Mrmini23 the Wrestler (Troll Abyssal Knight)       Turns: 48002, Time: 04:03:59

Health: -10/248    AC: 29    Str: 32 (33) XL:     20   Next: 35%
Magic:  2/32       EV: 12    Int: 18 (19) God:    Lugonu [******]
Gold:   2594       SH:  2    Dex:  8 (10) Spells: 8 memorised, 6 levels left

rFire  . . .     SeeInvis .       - Unarmed
rCold  + + +     Clarity  +     (armour currently unavailable)
rNeg   + . .     SustAb   .     (no shield)
rPois  ∞         Gourm    +     (helmet restricted)
rElec  +         Spirit   .     C - +1 cloak of the Evening {rC+ Str+4}
rCorr  +         Warding  .     (gloves unavailable)
rMut   .         Stasis   .     (boots unavailable)
MR     ++...                    Y - amulet "Dolut" {rCorr rPois Int+3}
Stlth  ..........               k - ring of teleport control
                                R - ring of Arrival {rC+ MR+ Int+4 Dex+3 Stlth-}

@: statue-form, stone skin, very slightly contaminated, very slow, very
resistant to hostile enchantments, extremely unstealthy
A: unfitting armour, claws 3, repulsion field 1, large bone plates 1, clarity,
cold resistance 1, fast metabolism 3, gourmand, regeneration 3, (shaggy fur 0),
(tough skin 0), placid magic 1
a: End Transformation, Depart the Abyss, Bend Space, Banish, Corrupt, Enter the
Abyss, Renounce Religion, Evoke Teleport Control
}: 2/15 runes: decaying, serpentine


You were on level 5 of the Vaults.
You worshipped Lugonu.
Lugonu was exalted by your worship.
You were not hungry.
You were a stone statue.
You visited 6 branches of the dungeon, and saw 42 of its levels.
You visited the Abyss 1 time.
You visited 1 bazaar.
You also visited: Bailey and Volcano.

You collected 4185 gold pieces.
You spent 1591 gold pieces at shops.

Inventory:

Armour
 C - the +1 cloak of the Evening (worn) {rC+ Str+4}
   (You acquired it on level 3 of the Lair of Beasts)

   It affects your strength (+4).
   It protects you from cold.
 T - a +2 robe of fire resistance
 W - a +0 mottled dragon armour (melded)
Jewellery
 k - a ring of teleport control (right claw)
 u - an uncursed ring of see invisible
 B - the amulet "Bopnu" {Gourm rElec Int+4}
   (You found it on level 6 of the Dungeon)

   [amulet of the gourmand]

   It allows you to eat raw meat even when not hungry.
   It affects your intelligence (+4).
   It insulates you from electricity.
 E - an uncursed ring of wizardry
 N - an uncursed ring of protection from fire
 P - a +5 ring of intelligence
 R - the ring of Arrival (left claw) {rC+ MR+ Int+4 Dex+3 Stlth-}
   (You found it in a bailey)

   [ring of protection from cold]

   It affects your intelligence (+4).
   It affects your dexterity (+3).
   It protects you from cold.
   It affects your resistance to hostile enchantments.
   It makes you less stealthy.
 U - a cursed ring of protection from fire
 Y - the amulet "Dolut" (around neck) {rCorr rPois Int+3}
   (You bought it in a shop on level 1 of the Snake Pit)

   [amulet of resist corrosion]

   It protects you from acid and corrosion.
   It affects your intelligence (+3).
   It protects you from poison.
Magical devices
 i - a wand of cold (4)
 o - a wand of teleportation (1)
 s - a wand of draining (9)
 t - a wand of invisibility (4)
 x - a wand of paralysis (14)
 F - a wand of teleportation (5)
 O - a wand of lightning (6)
 Q - a wand of teleportation (5)
 X - a wand of digging (10)
 Z - a wand of fire (7)
Scrolls
 a - 6 scrolls of recharging
 c - 3 scrolls of holy word
 j - a scroll of identify
 q - a scroll of fog
 r - 4 scrolls of teleportation
 w - 20 scrolls of remove curse
 H - 2 scrolls of summoning
 J - 3 scrolls of magic mapping
 L - 4 scrolls of fear
Potions
 e - 4 potions of flight
 g - 4 potions of invisibility
 h - 2 potions of resistance
 l - 3 potions of heal wounds
 m - 4 potions of restore abilities
 z - 15 potions of curing
 D - 3 potions of magic
 G - a potion of berserk rage
 S - 3 potions of agility
 V - 6 potions of brilliance
Books
 y - a book of Transfigurations

   Spells                             Type                      Level
   a - Stoneskin                      Transmutation/Earth          2
   b - Irradiate                      Conjuration/Transmutation    5
   c - Statue Form                    Transmutation/Earth          6
   d - Hydra Form                     Transmutation                6
   e - Dragon Form                    Transmutation                7
 K - a book of Party Tricks

   Spells                             Type                      Level
   a - Summon Butterflies             Summoning                    1
   b - Apportation                    Translocation                1
   c - Tukima's Dance                 Hexes                        3
   d - Alistair's Intoxication        Transmutation/Poison         4
   e - Invisibility                   Hexes                        6
Miscellaneous
 p - a sack of spiders
Comestibles
 b - 13 bread rations
 f - 14 meat rations
 n - 29 beef jerkies
 v - 23 fruits
 A - 10 royal jellies
 I - 5 slices of pizza


   Skills:
 + Level 9.9 Fighting
 - Level 3.7 Armour
 - Level 4.5 Dodging
 + Level 21.0 Unarmed Combat
 - Level 9.8 Spellcasting
 - Level 3.5 Conjurations
 - Level 10.4 Transmutations
 - Level 12.4 Earth Magic
 - Level 10.6 Invocations


You had 6 spell levels left.
You knew the following spells:

 Your Spells              Type           Power        Failure   Level  Hunger
a - Stoneskin             Trmt/Erth      ####....     0%          2    None
b - Stone Arrow           Conj/Erth      ####..       1%          3    None
c - Statue Form           Trmt/Erth      ####.....    7%          6    ######.
d - Passwall              Trmt/Erth      ####......   1%          3    None
e - Lee's Rapid Deconstr  Erth           #####.....   1%          5    #####..
f - Irradiate             Conj/Trmt      ###.......   9%          5    #####..
g - Hydra Form            Trmt           ####......   11%         6    ######.
h - Repel Missiles        Chrm/Air       #.....       7%          2    None


Dungeon Overview and Level Annotations

Branches:
Dungeon (15/15)            Temple (0/1) D:5            Lair (8/8) D:10
  Swamp (5/5) Lair:6        Snake (5/5) Lair:5        Slime (0/6) Lair:7
    Orc (4/4) D:10            Elf (0/3) Orc:3        Vaults (5/5) D:14
  Crypt (0/3) Vaults:2     Depths (0/5) D:15

Altars:
Ashenzari
Dithmenos
Elyvilon
Fedhas
Gozag
Kikubaaqudgha
Makhleb
Ru
Sif Muna
Trog
Vehumet
Yredelemnul
The Shining One
Beogh
Jiyva

Shops:
D:4 (*   D:7 :   Orc:4 [*[=(*(   Snake:1 *[([}   Vaults:3 (

Annotations:
D:3 Sigmund
D:8 Gastronok
Lair:4 corrupted
Lair:8 corrupted
Snake:5 corrupted
Orc:1 corrupted
Orc:2 corrupted
Orc:4 corrupted
Vaults:4 corrupted
Vaults:5 corrupted
Abyss:1 Erolcha, Harold, Menkaure, Pikel, Prince Ribbit, Snorg, Urug


Innate Abilities, Weirdness & Mutations

You are too large for most types of armour.
You have claws for hands.
Your metabolism is lightning-fast.
You like to eat raw meat.
You regenerate.
((You are covered in fur (AC +1).))
((You have very tough skin (AC +2).))
You are surrounded by a mild repulsion field (EV +2).
(You are partially covered in large bone plates (AC +2, SH +2).)
You possess an exceptional clarity of mind.
Your flesh is cold resistant.
Your spells are a little easier to cast, but a little less powerful.


Message History

a scimitar; an elf corpse Unknown command.
Unknown command.
You mangle the deep elf sorcerer!!
The deep elf sorcerer begins to bleed from its wounds!
Your claw misses the deep elf sorcerer.
The deep elf sorcerer is moderately wounded.
The ettin hits you with a dire flail!!!
* * * LOW HITPOINT WARNING * * *
The ettin hits you but does no damage.
The deep elf sorcerer hits you but does no damage.
Unknown command.
Unknown command.
Drink which item? (? for menu, Esc to quit)
You feel much better.
The deep elf sorcerer hits you but does no damage.
The ettin hits you with a dire flail!
* * * LOW HITPOINT WARNING * * *
The ettin hits you with a dire flail!!
You die...

***************************
*,,,,,,,,,,,,,,,,,,,,,,,,,,
*,,,,,,,,,,,,,,,,,,,,,,,,,,
*,,..#############*********
*,,[........W.....,,,,,,,,,
*,,#.....Tp...F.W..k,,,,,,,
*,,*,,*,,#C#,,*****,,*,*,,*
*,,*,,,,##8#,,**,**,,*,**,,
*,,*,,,*#.e#,,**,**,,*,,**,
*,,*,,*#..##,***,***,**,,**
*,,*,,...##,,*,*,*,*,,**,,,
*,,*..###*,,**,*,*,**,,****
*,,#.,,,,,,**,,,,,,,**,,,,,
*,,#,,,,,***,,,*,*,,,***,,,
*,,*,,****,,,,**,**,,,,****
*,,*,,,,,,,**,**,**,**,,,,,


You could see a vault warden, an ettin, a deep elf sorcerer (bleeding), a deep
troll and a freezing wraith.

Vanquished Creatures
  the Lernaean hydra (Swamp:5)
  A lich (Vaults:3)
  3 tentacled monstrosities
  A titan (Vaults:5)
  Asterion (Vaults:2)
  3 thorn hunters
  2 tengu reavers
  6 greater nagas
  Wiglaf (Vaults:3)
  2 fire giants
  Maud (D:13)
  Aizul (Swamp:2)
  A cacodemon (Vaults:3)
  8 vault wardens
  6 ironheart preservers
  4 stone giants
  A very ugly thing (Vaults:5)
  A spellforged servitor (Vaults:3)
  A deep elf annihilator (Vaults:2)
  2 ettins (Vaults:4)
  A crystal guardian (Vaults:3)
  3 fire dragons
  10 ogre magi
  A vault guard (Vaults:3)
  3 yaktaur captains
  A great orb of eyes (Vaults:1)
  A deep elf high priest (Vaults:5)
  An ice dragon (Vaults:4)
  Fannar (Lair:1)
  An ice dragon (shapeshifter) (D:15)
  12 hydras
  10 naga warriors
  A rakshasa (Vaults:1)
  11 anacondas
  2 ghost crabs (Swamp:5)
  7 alligators
  A deep troll shaman (Vaults:2)
  2 dancing weapons (D:14)
  A death yak (shapeshifter) (Vaults:5)
  4 centaur warriors
  9 shock serpents
  2 deep troll earth magi (Vaults:2)
  10 naga sharpshooters
  A salamander stormcaller (Vaults:3)
  2 salamander mystics
  3 unseen horrors
  7 skeletal warriors
  A shadow wraith (Vaults:4)
  A wizard (D:14)
  A fire crab (Vaults:2)
  6 deep trolls
  16 swamp dragons
  9 ironbrand convokers
  3 naga ritualists (Snake:5)
  4 spriggan druids
  A deep elf summoner (Vaults:3)
  A spectral wolf spider (Swamp:5)
  2 sea snakes (Snake:1)
  A shambling mangrove (Swamp:1)
  8 hill giants
  2 deep elf conjurers (Vaults:3)
  12 orc knights
  2 giant orange brains
  3 griffons
  A necromancer (Vaults:1)
  A manticore (D:13)
  3 hornets
  2 wolf spiders (Vaults:3)
  11 salamanders
  8 mana vipers
  A mana viper (shapeshifter) (D:13)
  14 ugly things
  15 elephants
  4 guardian serpents
  4 cyclopes
  6 vault sentinels
  18 naga magi
  A gargoyle (D:14)
  23 spiny frogs
  A spiny frog (shapeshifter) (Vaults:2)
  A molten gargoyle (Volcano)
  24 black mambas
  22 yaktaurs
  4 kobold demonologists
  6 trolls
  4 komodo dragons
  5 deep elf priests
  An elf (shapeshifter) (Vaults:3)
  A two-headed ogre (shapeshifter) (Vaults:1)
  3 fire drakes
  A queen bee (shapeshifter) (Vaults:2)
  2 human skeletons (Vaults:1)
  10 two-headed ogres
  30 blink frogs
  10 polar bears (Lair:8)
  13 slime creatures
  2 freezing wraiths
  4 ravens
  2 baby alligators (Swamp:2)
  A jumping spider (Vaults:3)
  8 bog bodies
  2 raiju (Lair:8)
  4 giant leeches
  A human simulacrum (Vaults:1)
  2 boulder beetles
  A raven (shapeshifter) (Vaults:2)
  A trapdoor spider (D:15)
  A vampire (D:13)
  2 basilisks
  6 spriggans
  2 deep elf fighters (Vaults:3)
  6 redbacks
  2 tarantellas (Vaults:3)
  2 wraiths
  4 shadows
  A wyvern (D:9)
  5 deep elf magi
  61 yaks
  17 hippogriffs
  31 wargs
  2 fire elementals (Volcano)
  A neqoxec (Vaults:4)
  A hog (shapeshifter) (Vaults:3)
  A steam dragon (Lair:8)
  28 vampire mosquitoes
  27 wolves
  Edmund (D:5)
  9 insubstantial wisps
  35 swamp worms
  8 mottled dragons
  58 nagas
  16 swamp drakes
  8 porcupines
  4 hell hounds (Lair:8)
  7 ice beasts
  5 sky beasts
  14 black bears
  6 wasps
  49 orc warriors
  39 water moccasins
  3 phantoms
  5 boggarts
  A boring beetle (shapeshifter) (Vaults:1)
  A necrophage (D:11)
  41 ogres
  3 slaves (D:9)
  A boring beetle (Lair:6)
  5 brain worms (D:14)
  5 centaurs
  22 crocodiles
  10 big kobolds
  30 giant frogs
  A wyvern skeleton (D:9)
  A water moccasin zombie (D:8)
  10 killer bees
  4 scorpions
  A water moccasin skeleton (D:12)
  An elf zombie (Vaults:1)
  7 crimson imps
  6 centaur zombies
  17 hounds
  3 centaur skeletons
  An iron imp (D:15)
  29 orc wizards
  32 orc priests
  12 jellies
  2 giant frog skeletons
  Jessica (D:3)
  10 worker ants
  12 iguanas
  28 sheep
  A hound zombie (D:7)
  A hound skeleton (D:10)
  A worker ant zombie (D:5)
  17 adders
  41 river rats
  23 gnolls
  A shadow imp (D:5)
  An ooze (D:10)
  An adder zombie (D:7)
  An adder skeleton (D:4)
  3 giant geckos
  205 orcs
  5 ball pythons
  12 bats
  A bat zombie (D:6)
  30 goblins
  34 hobgoblins
  24 jackals
  3 quokkas
  4 giant cockroaches
  A giant cockroach zombie (D:6)
  2 giant gecko skeletons
  A giant gecko zombie (D:9)
  4 giant newts
  A giant spore (D:12)
  A jackal skeleton (D:8)
  67 kobolds
  A quokka skeleton (D:4)
  11 rats
  A spectral orc (D:6)
  6 ballistomycetes (D:12)
  8 briar patches
  2 plants
1785 creatures vanquished.

Vanquished Creatures (others)
  2 bone dragons
  5 tentacled starspawn
  6 greater nagas (Snake:5)
  A deep elf sorcerer (Vaults:4)
  2 orc warlords
  2 ironheart preservers (Vaults:4)
  A very ugly thing (Snake:5)
  A deep elf demonologist (Vaults:4)
  A deep elf annihilator (Vaults:5)
  A deep elf death mage (Vaults:4)
  A vault guard (Vaults:5)
  A yaktaur captain (Vaults:4)
  A great orb of eyes (Snake:5)
  A fire dragon (Lair:8)
  3 naga warriors
  5 hydras
  13 anacondas
  A spectral frost giant (Orc:1)
  A salamander stormcaller (Vaults:4)
  A catoblepas (Lair:8)
  10 death yaks
  An orc high priest (Orc:4)
  A shock serpent (Snake:1)
  5 thrashing horrors
  Nergalle (Orc:4)
  An unseen horror (Orc:1)
  4 spatial maelstroms
  A giant orange brain (Snake:5)
  2 sea snakes (Snake:1)
  A deep elf summoner (Vaults:4)
  A naga ritualist (Snake:5)
  2 ugly things
  A lindwurm (Lair:8)
  2 hornets (Vaults:4)
  A mana viper (Snake:5)
  8 orc knights
  2 deep elf conjurers (Vaults:5)
  An iron dragon zombie (Vaults:5)
  A griffon (Vaults:4)
  2 worldbinders (Snake:5)
  An orc sorcerer (Orc:4)
  An apocalypse crab (Snake:5)
  A manticore (Snake:5)
  3 salamanders (Snake:5)
  4 naga magi
  A vault sentinel (Vaults:4)
  9 guardian serpents (Snake:5)
  4 black mambas
  2 orange demons
  6 smoke demons
  A spiny frog (Lair:4)
  A hellion (Vaults:5)
  5 komodo dragons
  A deep elf priest (Vaults:3)
  A blue devil (Snake:5)
  2 freezing wraiths
  A catoblepas skeleton (Vaults:5)
  2 trolls
  2 wandering mushrooms
  A merfolk (Snake:5)
  3 raiju
  The ghost of xeno23 the Schismatic, an average DsAK of Lugonu (D:4)
  A giant leech (Swamp:2)
  A blink frog (Orc:4)
  A wind drake (shapeshifter) (Orc:4)
  A boulder beetle (Vaults:4)
  13 yaks (Lair:8)
  4 ynoxinuls
  2 starcursed masses (Vaults:5)
  A hippogriff (Lair:8)
  2 deep elf fighters
  A deep elf mage (Vaults:4)
  4 neqoxecs
  A basilisk (Lair:8)
  2 chaos spawn
  An insubstantial wisp (Vaults:4)
  5 wargs
  9 nagas (Snake:5)
  21 small abominations
  A wolf (Lair:3)
  An ice beast (Snake:5)
  A water moccasin (Snake:5)
  14 orc warriors
  10 large abominations
  A slave (D:9)
  A boggart (Vaults:2)
  A centaur (D:10)
  An ogre (Orc:4)
  A lost soul (Vaults:4)
  2 brain worms (Vaults:5)
  A giant frog (Lair:4)
  A spectral ogre (Orc:1)
  An electric eel (Lair:6)
  2 wights
  21 orc wizards
  A jelly (Snake:5)
  A crimson imp (Snake:5)
  A hound (Lair:8)
  7 quasits
  2 iron imps
  14 orc priests
  3 spectral orcs (Orc:1)
  2 white imps
  13 ufetubi
  A giant gecko (Orc:2)
  74 orcs
  6 goblins
  A hobgoblin (Orc:1)
  A briar patch (Swamp:5)
  12 fungi
  7 plants
  29 starspawn tentacles
  125 starspawn tentacle segments
  5 toadstools (Swamp:3)
586 creatures vanquished.

Grand Total: 2371 creatures vanquished

Notes
Turn   | Place    | Note
--------------------------------------------------------------
     0 | Abyss:1  | Mrmini23, the Troll Abyssal Knight, began the quest for the Orb.
     0 | Abyss:1  | Reached XP level 1. HP: 22/22 MP: 1/1
     8 | D:1      | Escaped the Abyss
    78 | D:1      | Reached XP level 2. HP: 21/29 MP: 2/2
   208 | D:1      | Acquired Lugonu's second power
   218 | D:1      | Reached XP level 3. HP: 34/36 MP: 3/3
   581 | D:2      | Reached skill level 3 in Unarmed Combat
   655 | D:2      | Found a shadowy altar of Dithmenos.
   956 | D:3      | Reached XP level 4. HP: 41/44 MP: 5/5
  1009 | D:3      | Noticed Sigmund
  1023 | D:3      | Noticed a big kobold
  1036 | D:3      | Killed a big kobold
  1036 | D:3      | Reached skill level 4 in Unarmed Combat
  1036 | D:3      | Reached XP level 5. HP: 23/50 MP: 6/6
  1157 | D:3      | Noticed a big kobold
  1178 | D:3      | Killed a big kobold
  1221 | D:3      | Noticed a big kobold
  1242 | D:3      | Killed a big kobold
  1242 | D:3      | Reached XP level 6. HP: 38/59 MP: 8/8
  1296 | D:3      | Noticed a big kobold
  1309 | D:3      | Killed a big kobold
  1309 | D:3      | Reached skill level 5 in Unarmed Combat
  1332 | D:3      | Noticed Jessica
  1338 | D:3      | Killed Jessica
  1338 | D:3      | Acquired Lugonu's third power
  1457 | D:3      | Noticed a big kobold
  1457 | D:3      | Noticed a big kobold
  1478 | D:3      | Killed a big kobold
  1478 | D:3      | Reached skill level 5 in Invocations
  1478 | D:3      | Reached XP level 7. HP: 48/66 MP: 9/9
  1496 | D:3      | Killed a big kobold
  1616 | D:3      | Found a sacrificial altar of Ru.
  2207 | D:4      | Acquired Lugonu's fourth power
  2292 | D:4      | Upgraded the game from 0.17-a0-777-g32247ce to 0.17-a0-802-g1f09329
  2493 | D:4      | Reached skill level 6 in Unarmed Combat
  2511 | D:4      | Noticed xeno23's ghost (average DsAK)
  2515 | D:4      | Banished xeno23's ghost
  2538 | D:4      | Found Layh's General Store.
  2546 | D:4      | Bought a potion of heal wounds for 65 gold pieces
  2546 | D:4      | Bought a scroll of identify for 26 gold pieces
  2660 | D:4      | Found a deep blue altar of Sif Muna.
  2824 | D:4      | Found Nuet's Weapon Boutique.
  3011 | D:5      | Entered Level 5 of the Dungeon
  3047 | D:5      | Noticed Edmund
  3060 | D:5      | Killed Edmund
  3060 | D:5      | Reached XP level 8. HP: 50/74 MP: 11/11
  3070 | D:5      | Found an opulent altar of Gozag.
  3106 | D:5      | Learned a level 2 spell: Stoneskin
  3201 | D:5      | Noticed Prince Ribbit
  3207 | D:5      | Banished Prince Ribbit
  3207 | D:5      | Reached skill level 7 in Unarmed Combat
  3888 | D:5      | Reached skill level 8 in Unarmed Combat
  3931 | D:5      | Found a staircase to the Ecumenical Temple.
  4035 | D:6      | Noticed Menkaure
  4038 | D:6      | Banished Menkaure
  4314 | D:6      | Reached XP level 9. HP: 77/80 MP: 13/13
  4388 | D:6      | Got a wavering jade amulet
  4443 | D:6      | Found a basalt altar of Yredelemnul.
  4613 | D:6      | Found a white marble altar of Elyvilon.
  5147 | D:7      | Acquired Lugonu's fifth power
  5269 | D:7      | Identified the amulet "Bopnu" {Gourm rElec Int+4} (You found it on level 6 of the Dungeon)
  5297 | D:7      | Reached skill level 9 in Unarmed Combat
  5412 | D:7      | Found Xuehozxo's Book Shop.
  5439 | D:7      | Found a burning altar of Makhleb.
  5471 | D:7      | Found a bloodstained altar of Trog.
  5532 | D:7      | Found a shattered altar of Ashenzari.
  6185 | D:8      | Noticed Gastronok
  6312 | D:8      | Found an ancient bone altar of Kikubaaqudgha.
  6452 | D:8      | Reached skill level 10 in Unarmed Combat
  6838 | D:9      | Reached XP level 10. HP: 78/94 MP: 15/15
  6846 | D:9      | Noticed Pikel
  6870 | D:9      | Banished Pikel
  7263 | D:9      | Found a radiant altar of Vehumet.
  7360 | D:9      | Reached skill level 11 in Unarmed Combat
  7975 | D:9      | Reached skill level 1 in Earth Magic
  8040 | D:9      | Noticed an orc knight
  8044 | D:9      | Banished an orc knight
  8259 | D:9      | Noticed an orc knight
  8267 | D:9      | Banished an orc knight
  8275 | D:9      | Noticed an orc knight
  8276 | D:9      | Banished an orc knight
  8276 | D:9      | Reached skill level 12 in Unarmed Combat
  8276 | D:9      | Reached XP level 11. HP: 77/101 MP: 9/17
  8697 | D:10     | Entered Level 10 of the Dungeon
  8778 | D:10     | Noticed Erolcha
  8779 | D:10     | Banished Erolcha
  9116 | D:10     | Found a staircase to the Orcish Mines.
  9150 | D:10     | Found a viscous altar of Jiyva.
  9324 | D:10     | Noticed a hill giant
  9330 | D:10     | Banished a hill giant
  9519 | D:10     | Found a staircase to the Lair.
  9785 | D:10     | Reached skill level 13 in Unarmed Combat
  9844 | Lair:1   | Entered Level 1 of the Lair of Beasts
  9858 | Lair:1   | Noticed Urug
  9859 | Lair:1   | Banished Urug
 10220 | Lair:1   | Learned a level 3 spell: Stone Arrow
 10301 | Lair:1   | Reached skill level 5 in Earth Magic
 10444 | Lair:1   | Found a basalt altar of Yredelemnul.
 10717 | Lair:1   | Noticed Fannar
 10742 | Lair:1   | Killed Fannar
 11366 | Lair:2   | Reached XP level 12. HP: 101/109 MP: 18/18
 11430 | Lair:2   | Noticed a six-headed hydra
 11431 | Lair:2   | Banished a six-headed hydra
 11490 | Lair:2   | Reached skill level 1 in Transmutations
 11805 | Lair:2   | Learned a level 6 spell: Statue Form
 11924 | Lair:2   | Reached skill level 14 in Unarmed Combat
 12400 | Lair:3   | Identified a scroll of acquirement
 12405 | Lair:3   | Got an ichor-stained cloak
 12416 | Lair:3   | Identified the +1 cloak of the Evening {rC+ Str+4} (You acquired it on level 3 of the Lair of Beasts)
 13576 | Lair:4   | Noticed an eight-headed hydra
 13577 | Lair:4   | Corrupted Lair:4
 13577 | Lair:4   | Noticed a starcursed mass
 13577 | Lair:4   | Noticed a tentacled starspawn
 13578 | Lair:4   | Noticed a tentacled starspawn
 13578 | Lair:4   | Noticed an eidolon
 13581 | Lair:4   | Killed an eight-headed hydra
 14238 | Lair:4   | Noticed Snorg
 14385 | Lair:4   | Banished Snorg
 14524 | Lair:5   | Reached skill level 15 in Unarmed Combat
 14730 | Lair:5   | Reached XP level 13. HP: 110/117 MP: 5/19
 14897 | Lair:5   | Reached skill level 1 in Spellcasting
 14928 | Lair:5   | Noticed a naga warrior
 15506 | Lair:5   | Found a staircase to the Snake Pit.
 15598 | Lair:5   | Killed a naga warrior
 17492 | Lair:6   | Found a staircase to the Swamp.
 17641 | Lair:7   | Found a viscous altar of Jiyva.
 17641 | Lair:7   | Found a staircase to the Slime Pits.
 17809 | Lair:7   | Reached skill level 16 in Unarmed Combat
 18868 | Lair:8   | Entered Level 8 of the Lair of Beasts
 18874 | Lair:7   | Reached skill level 10 in Invocations
 19206 | Lair:8   | Reached XP level 14. HP: 124/124 MP: 15/20
 19720 | Lair:8   | Got a tattered robe
 19731 | Lair:8   | Identified the +0 robe of the Iron City of Dis {Dex+4 Stlth+} (You found it on level 8 of the Lair of Beasts)
 19844 | Lair:8   | Reached skill level 17 in Unarmed Combat
 20013 | Lair:8   | Corrupted Lair:8
 20025 | Lair:8   | Noticed a cacodemon
 20033 | Lair:8   | Noticed a tentacled starspawn
 20038 | Lair:8   | Noticed a balrug
 21280 | Lair:2   | Reached skill level 5 in Transmutations
 21404 | Orc:1    | Entered Level 1 of the Orcish Mines
 21405 | Orc:1    | Corrupted Orc:1
 21405 | Orc:1    | Noticed a revenant
 21414 | Orc:1    | Found a dark tunnel.
 21426 | Orc:1    | Noticed a profane servitor
 21436 | Volcano  | Entered a volcano
 21723 | Orc:1    | Found a runed door.
 21761 | Orc:1    | Found a roughly hewn altar of Beogh.
 22303 | Orc:2    | Noticed Harold
 22387 | Orc:2    | Corrupted Orc:2
 22388 | Orc:2    | Noticed a tentacled starspawn
 22439 | Orc:2    | Noticed a cacodemon
 23254 | Orc:3    | Found a roughly hewn altar of Beogh.
 23354 | Orc:3    | Found a staircase to the Elven Halls.
 23426 | Orc:3    | Banished Harold
 23794 | Orc:3    | Noticed an orc warlord
 23796 | Orc:3    | Banished an orc warlord
 24151 | Orc:4    | Entered Level 4 of the Orcish Mines
 24151 | Orc:4    | Found Asyash's Armour Boutique.
 24169 | Orc:4    | Found Jeviddem's General Store.
 24275 | Orc:4    | Found Busur's Antique Weapon Shoppe.
 24301 | Orc:4    | Noticed Nergalle
 24334 | Orc:4    | Found a flickering gateway to a bazaar.
 24348 | Bazaar   | Entered a bazaar
 24352 | Bazaar   | Found Boibeluc's Jewellery Boutique.
 24371 | Bazaar   | Found Pifuobbisupo's Gadget Shoppe.
 24393 | Bazaar   | Found Canoupib's Food Boutique.
 24399 | Bazaar   | Bought a bread ration for 40 gold pieces
 24414 | Bazaar   | Found Oliw's Antique Weapon Emporium.
 24439 | Bazaar   | Bought an uncursed ring of poison resistance for 220 gold pieces
 24519 | Orc:4    | Found a roughly hewn altar of Beogh.
 24584 | Orc:4    | Noticed an orc warlord
 24587 | Orc:4    | Corrupted Orc:4
 24587 | Orc:4    | Noticed a bone dragon
 24587 | Orc:4    | Noticed a bone dragon
 24587 | Orc:4    | Noticed a tentacled starspawn
 24596 | Orc:4    | Killed a tentacled starspawn
 24611 | Orc:4    | Killed a bone dragon
 24615 | Orc:4    | Killed an orc warlord
 24630 | Orc:4    | Killed Nergalle
 24651 | Orc:4    | Found a roughly hewn altar of Beogh.
 24654 | Orc:4    | Found Zosur's Jewellery Emporium.
 24678 | Orc:4    | Found Gaakkik's Antique Armour Emporium.
 24703 | Orc:4    | Found Yfyucosch's General Store.
 24719 | Orc:4    | Found Zydoses's Antique Weapon Emporium.
 26980 | D:12     | Gained mutation: You are partially covered in large bone plates (AC +2, SH +2). [potion of mutation]
 26980 | D:12     | Gained mutation: You are surrounded by a mild repulsion field (EV +2). [potion of mutation]
 26987 | D:12     | Learned a level 3 spell: Passwall
 26993 | D:12     | Learned a level 5 spell: Lee's Rapid Deconstruction
 27873 | D:13     | Noticed Maud
 27883 | D:13     | Killed Maud
 27927 | D:13     | Gained mutation: Your flesh is cold resistant. [potion of beneficial mutation]
 27960 | D:13     | Reached skill level 18 in Unarmed Combat
 27960 | D:13     | Reached XP level 15. HP: 71/131 MP: 22/22
 28666 | D:14     | Reached skill level 5 in Spellcasting
 28865 | D:14     | Found a gate to the Vaults.
 29154 | D:14     | Found a flagged portal.
 29165 | Bailey   | Entered a bailey
 29642 | Bailey   | Got a wavering platinum ring
 29644 | Bailey   | Identified the ring of Arrival {rC+ MR+ Int+4 Dex+3 Stlth-} (You found it in a bailey)
 29656 | Bailey   | Gained mutation: You possess an exceptional clarity of mind. [potion of beneficial mutation]
 29824 | D:14     | Found a blossoming altar of Fedhas.
 30112 | D:14     | Reached XP level 16. HP: 140/140 MP: 22/24
 30172 | D:15     | Entered Level 15 of the Dungeon
 30467 | D:15     | Reached skill level 5 in Fighting
 30492 | D:15     | Found a staircase to the Depths.
 30738 | D:15     | Found a deep blue altar of Sif Muna.
 31442 | Snake:1  | Entered Level 1 of the Snake Pit
 31445 | Snake:1  | Found Dababbah's Weapon Emporium.
 31446 | Snake:1  | Found Cafron's Antique Armour Shop.
 31450 | Snake:1  | Got a vibrating sapphire amulet
 31452 | Snake:1  | Identified the amulet of the Tarantula {Stasis Contam MR++ Stlth+} (You acquired it on level 1 of the Snake Pit)
 31614 | Snake:1  | HP: 7/144 [naga warrior/spear (2)]
 31772 | Snake:1  | Found Qiru's Assorted Antiques.
 31781 | Snake:1  | Bought a potion of beneficial mutation for 1085 gold pieces
 31781 | Snake:1  | Bought a wavering bone amulet for 155 gold pieces
 31782 | Snake:1  | Identified the amulet "Dolut" {rCorr rPois Int+3} (You bought it in a shop on level 1 of the Snake Pit)
 31957 | Snake:1  | Reached skill level 1 in Armour
 32020 | Snake:1  | Found Xutog's Antique Armour Shop.
 32063 | Snake:1  | Reached skill level 19 in Unarmed Combat
 32236 | Snake:1  | Found Piepufid's Gadget Boutique.
 33241 | Snake:2  | Reached XP level 17. HP: 124/152 MP: 25/25
 34091 | Snake:3  | Found a deep blue altar of Sif Muna.
 35014 | Snake:4  | Gained mutation: You regenerate. [potion of beneficial mutation]
 35701 | Snake:5  | Entered Level 5 of the Snake Pit
 35701 | Snake:5  | Found a blossoming altar of Fedhas.
 35854 | Snake:5  | Reached skill level 20 in Unarmed Combat
 36360 | Snake:5  | Corrupted Snake:5
 36362 | Snake:5  | Noticed a bone dragon
 36445 | Snake:5  | Killed a bone dragon
 37526 | Snake:5  | HP: 1/152 [greater naga/orb of energy (38)]
 37988 | Snake:5  | Reached skill level 10 in Earth Magic
 38142 | Snake:5  | Got a serpentine rune of Zot
 38302 | Swamp:1  | Entered Level 1 of the Swamp
 38376 | Swamp:1  | Reached XP level 18. HP: 138/159 MP: 27/27
 39011 | Swamp:2  | Learned a level 5 spell: Irradiate
 39147 | Swamp:2  | Noticed Aizul
 39161 | Swamp:2  | Killed Aizul
 39175 | Swamp:2  | Reached skill level 1 in Conjurations
 39402 | Swamp:2  | Learned a level 6 spell: Hydra Form
 40178 | Swamp:3  | Found a white marble altar of Elyvilon.
 41323 | Swamp:5  | Entered Level 5 of the Swamp
 41658 | Swamp:5  | Noticed the 27-headed Lernaean hydra
 42006 | Swamp:5  | Reached skill level 10 in Transmutations
 42083 | Swamp:5  | Got a decaying rune of Zot
 42100 | Swamp:5  | Paralysed by a Zot trap for 5 turns
 42346 | Swamp:5  | Killed the 27-headed Lernaean hydra
 42884 | Vaults:1 | Entered Level 1 of the Vaults
 43361 | Vaults:1 | Reached XP level 19. HP: 166/166 MP: 31/31
 44813 | Vaults:2 | Found a staircase to the Crypt.
 44813 | Vaults:2 | Found an ancient bone altar of Kikubaaqudgha.
 44814 | Vaults:2 | Found a basalt altar of Yredelemnul.
 44864 | Vaults:2 | Noticed Asterion
 44869 | Vaults:2 | Killed Asterion
 45953 | Vaults:3 | Noticed Wiglaf
 45961 | Vaults:3 | Killed Wiglaf
 46006 | Vaults:3 | Learned a level 2 spell: Repel Missiles
 46129 | Vaults:3 | Gained mutation: Your spells are a little easier to cast, but a little less powerful. [a cacodemon]
 46530 | Vaults:3 | Found Nyworpha's Antique Weapon Shoppe.
 46705 | Vaults:4 | Got a dazzling shield
 46706 | Vaults:4 | Identified the +2 shield "Eckuq" {Int+3 Slay-4} (You found it on level 4 of the Vaults)
 46789 | Vaults:4 | Reached XP level 20. HP: 185/185 MP: 32/32
 47160 | Vaults:4 | Found a glowing golden altar of the Shining One.
 47408 | Vaults:4 | Corrupted Vaults:4
 47450 | Vaults:4 | Paralysed by the power of Zot for 4 turns
 47965 | Vaults:5 | Entered Level 5 of the Vaults
 47967 | Vaults:5 | Corrupted Vaults:5
 47996 | Vaults:5 | Reached skill level 21 in Unarmed Combat
 48001 | Vaults:5 | HP: 8/248 [ettin/dire flail (37)]
 48002 | Vaults:5 | Mangled by an ettin

Action                   |  1- 3 |  4- 6 |  7- 9 | 10-12 | 13-15 | 16-18 | 19-21 || total
-------------------------+-------+-------+-------+-------+-------+-------+-------++-------
Melee: Unarmed           |   109 |   141 |   439 |   854 |  1653 |  1499 |   585 ||  5280
Throw: Javelin           |       |       |     3 |     4 |     4 |       |       ||    11
 Cast: Stoneskin         |       |       |     2 |    12 |    15 |    52 |    27 ||   108
       Stone Arrow       |       |       |       |    17 |    83 |    40 |     1 ||   141
       Lee's Rapid Decon |       |       |       |       |     7 |     9 |     4 ||    20
       Passwall          |       |       |       |       |     2 |     7 |       ||     9
       Statue Form       |       |       |       |       |       |    12 |    16 ||    28
       Irradiate         |       |       |       |       |       |     4 |     3 ||     7
       Hydra Form        |       |       |       |       |       |       |    10 ||    10
       Repel Missiles    |       |       |       |       |       |       |     3 ||     3
Invok: Banish            |       |       |     5 |    29 |    25 |    32 |       ||    91
       Bend Space        |       |       |       |     1 |     5 |    12 |     2 ||    20
       Corrupt           |       |       |       |     1 |     4 |     1 |     2 ||     8
 Abil: Evoke Teleport Co |       |       |       |       |       |       |     1 ||     1
Evoke: Wand              |       |       |       |       |       |     7 |       ||     7
  Use: Scroll            |     1 |     3 |    11 |    14 |    16 |    15 |     6 ||    66
       Potion            |       |       |       |     3 |     7 |    15 |     4 ||    29
 Stab: Sleeping          |       |     1 |       |       |       |     1 |       ||     2
       Confused          |       |       |       |       |     1 |     1 |       ||     2
  Eat: Chunk             |     6 |     2 |    51 |    88 |   156 |   121 |    37 ||   461
       Bread ration      |       |     1 |     1 |       |     1 |     6 |       ||     9
